 Dungeon Crawl Stone Soup version 0.26-a0-540-g8a0c9464d7 (webtiles) character file.

Game seed: 2016663725517122812

42 Gorglomux the Skirmisher (level 3, 0/32 HPs)
             Began as a Palentonga Fighter on Aug 21, 2020.
             Succumbed to an adder's poison
             ... on level 3 of the Dungeon.
             The game lasted 00:01:17 (1034 turns).

Gorglomux the Skirmisher (Palentonga Fighter)       Turns: 1034, Time: 00:01:18

Health: 0/32       AC:  6    Str: 20    XL:     3   Next: 35%
Magic:  3/3        EV:  7    Int:  8    God:
Gold:   22         SH:  4    Dex:  9    Spells: 2/2 levels left

rFire    . . .     SeeInvis +   a - +0 war axe
rCold    . . .     Faith    .   e - +0 buckler
rNeg     . . .     Spirit   .   b - +0 scale mail
rPois    .         Reflect  .   (no helmet)
rElec    .         Harm     .   (no cloak)
rCorr    .                      (no gloves)
MR       .....                  (boots restricted)
Stlth    ..........             (no amulet)
HPRegen  0.10/turn              (no ring)
MPRegen  0.08/turn              (no ring)

@: lethally poisoned (0 -> -7), berserk cooldown, stab, hasted and slowed
A: large, rugged brown scales 3, see invisible, deformed body, roll, armoured
tail
a: Rolling Charge


You were on level 3 of the Dungeon.
You visited 1 branch of the dungeon, and saw 3 of its levels.

You collected 22 gold pieces.

Inventory:

Hand Weapons
 a - a +0 war axe (weapon)
Armour
 b - a +0 scale mail (worn)
 c - a +0 kite shield
 e - a +0 buckler (worn)
Jewellery
 i - an uncursed ring of resist corrosion {unknown}
Scrolls
 f - 4 scrolls of identify {unknown}
 g - 4 scrolls of amnesia {unknown}
 j - a scroll of remove curse {unknown}
 l - a scroll of enchant armour {unknown}
 m - a scroll of teleportation {unknown}
Potions
 d - a potion of might


   Skills:
 + Level 3.8 Fighting
 + Level 3.0 Axes
 - Level 2.4 Armour
 - Level 2.4 Shields


You had 2 spell levels left.
You didn't know any spells.
Your spell library was empty.

Dungeon Overview and Level Annotations

Branches:
Dungeon (3/15)

Altars:


Innate Abilities, Weirdness & Mutations

You are completely covered in rugged brown scales. (AC +3, +7% HP)
You have supernaturally acute eyesight. (SInv)
Armour fits poorly on your strangely shaped body.
You can roll at foes to attack.
You have a long armoured tail.


Message History

You closely miss the adder.
The adder is severely wounded.
You feel sick.
The adder bites you but does no damage. x2
You miss the adder.
Your tail-slap misses the adder.
The adder is severely wounded.
The adder bites you.
* * * LOW HITPOINT WARNING * * *
You are more poisoned.
The adder poisons you! The adder barely misses you.
You are too injured to fight recklessly!
It was a potion of haste.
You feel yourself speed up.
* * * LOW HITPOINT WARNING * * *
You feel sick. The adder bites you but does no damage.
It was a potion of stabbing.
You feel ready to backstab.
* * * LOW HITPOINT WARNING * * *
You feel sick. The adder bites you but does no damage.
It was a potion of berserk rage.
A red film seems to cover your vision as you go berserk!
You feel yourself moving faster!
You feel mighty!
* * * LOW HITPOINT WARNING * * *
You feel sick. The adder bites you.
* * * LOW HITPOINT WARNING * * *
You slice the adder!!
You kill the adder!
Your Axes skill increases to level 3!
* * * LOW HITPOINT WARNING * * *
You feel sick.
There is a lethal amount of poison in your body!
You feel a strong urge to attack something.
* * * LOW HITPOINT WARNING * * *
You feel sick.
Found a ring mail.
There is a stone staircase leading down here.
Unknown command.
You can't go up here!
You can't go up here!
You feel your anger nearly subside.
You climb downwards.
You are no longer berserk.
You are exhausted.
You feel yourself slow down.
* * * LOW HITPOINT WARNING * * *
You feel sick.
Found a leather armour.
There is a stone staircase leading up here.
A hobgoblin comes into view.
The hobgoblin shouts!
You hear a shout!
A kobold comes into view.
You die...

... ##K##
#.[.# ...
... #.# #
#.###.##.#
#...g@...#
#####.####
#<# #.#
#.# ..#
###


You could see a hobgoblin and a kobold.

Vanquished Creatures
  2 adders (D:2)
  An ooze (D:1)
  A dart slug (D:2)
  4 bats
  4 goblins
  2 hobgoblins
  A frilled lizard (D:2)
  A kobold (D:2)
  3 rats
19 creatures vanquished.

Notes
Turn   | Place    | Note
-------+----------+-------------------------------------------
     0 | D:1      | Gorglomux the Palentonga Fighter began the quest for the
                  | Orb.
     0 | D:1      | Reached XP level 1. HP: 19/19 MP: 1/1
   195 | D:1      | Reached XP level 2. HP: 25/25 MP: 2/2
   979 | D:2      | Reached XP level 3. HP: 31/31 MP: 3/3
  1027 | D:2      | Reached skill level 3 in Axes
  1032 | D:3      | HP: 1/32 [poisoned by an adder]
  1034 | D:3      | Succumbed to an adder's poison

Illustrated notes

Levels and vault maps discovered:
D:1:      grunt_arrival_lava_bath, layout_loops_corners,
          chequers_serial_rivers_micro_e, minmay_tetromino_o4
D:2:      layout_loops_corners, wander_ebering_terrifying_dragon_lair
D:3:      layout_loops_corners, old_standard_altar, grunt_ministairs_9,
          minmay_pentomino_pile

Skill      XL: |  1  2  3 |
---------------+----------+-----
Axes           | 3 |  3.0
Fighting       | |  3.8
Armour         | |  2.4
Shields        | |  2.4

Action                   || total
-------------------------++-------
Melee: War axe           ||    70
       Tailslap          ||     1
 Abil: Rolling Charge    ||    13
  Use: Potion            ||     3
Armor: Scale mail        ||    45
Dodge: Dodged            ||    25
Block: Buckler           ||    12
       Kite shield       ||     1

Table legend: (Time is in decaauts)
 A = Elapsed time spent in this place.
 B = Non-inter-level travel time spent in this place.
 C = Inter-level travel time spent in this place.
 D = Time resting spent in this place.
 E = Time spent auto-exploring this place.
 F = Levels seen in this place.
 G = Mean time per level.
                   A        B        C        D        E       F      G
               +--------+--------+--------+--------+--------+-----+--------+
         Total |   1057 |   1042 |     15 |      0 |    862 |   3 |  352.3 |
       Dungeon |   1057 |   1042 |     15 |      0 |    862 |   3 |  352.3 |
               +--------+--------+--------+--------+--------+-----+--------+

Top non-repeatable levels by time:
     D:1: 863 daAuts
     D:2: 192 daAuts
     D:3: 1 daAuts
